 Dungeon Crawl Stone Soup version 0.30-a0-802-gb92711bcdf (webtiles) character file.

Game seed: 12875500385701425107

374 cforsyth the Sneak (level 7, -3/43 HPs)
             Began as a Kobold Brigand on Feb 24, 2023.
             Splashed by a jelly's acid (4 damage)
             ... on level 4 of the Dungeon.
             The game lasted 00:04:07 (2984 turns).

cforsyth the Sneak (Kobold Brigand)                 Turns: 2984, Time: 00:04:07

Health: -3/43      AC:  2    Str:  8    XL:     7   Next: 3%
Magic:  7/7        EV: 16    Int: 13    God:
Gold:   290        SH:  0    Dex: 18    Spells: 6/6 levels left

rFire   . . .      SeeInvis .    a - +3 dagger
rCold   . . .      Faith    .    (no shield)
rNeg    . . .      Spirit   .    b - +0 robe
rPois   .          Reflect  .    B - +2 helmet
rElec   .          Harm     .    c - +0 cloak
rCorr   .          Rampage  .    (no gloves)
Will    .....                    (no boots)
Stlth   +++++                    (no amulet)
HPRegen 0.27/turn                (no ring)
MPRegen 0.10/turn                (no ring)

@: corroded
A: small, no large weapons, nightstalker 3
a: no special abilities


You were on level 4 of the Dungeon.
You visited 1 branch of the dungeon, and saw 4 of its levels.

You collected 290 gold pieces.

Inventory:

Hand Weapons
 a - a +3 dagger (weapon)
Missiles
 d - 9 poisoned darts (quivered)
 e - 3 curare-tipped darts
 n - a throwing net
Armour
 b - a +0 robe (worn)
 c - a +0 cloak (worn)
 B - a +2 helmet (worn)
Wands
 w - a wand of flame (17)
 y - a wand of paralysis (5)
Scrolls
 j - a scroll of enchant weapon
 k - a scroll of enchant armour {unknown}
 l - a scroll of blinking {unknown}
 m - 2 scrolls of fear
 s - 2 scrolls of poison
 t - a scroll of silence
 v - a scroll of noise {unknown}
 x - 2 scrolls of vulnerability
 z - a scroll of teleportation {unknown}
 A - a scroll of amnesia {unknown}
 C - a scroll of identify
Potions
 f - 2 potions of flight
 g - a potion of haste {unknown}
 h - 2 potions of lignification
 i - 3 potions of magic
 o - 2 potions of curing
 p - a potion of mutation {unknown}
 q - a potion of attraction {unknown}
 r - 2 potions of might {unknown}
 u - 2 potions of heal wounds {unknown}


   Skills:
 + Level 4.1 Fighting
 + Level 5.1 Short Blades
 - Level 2.1 Throwing
 + Level 4.0 Dodging
 + Level 7.1 Stealth


You had 6 spell levels left.
You didn't know any spells.
Your spell library contained the following spells:

 Spells                   Type           Power      Damage    Failure   Level
 Sting                    Tmut/Pois      0%         1d3       30%         1
 Poisonous Vapours        Pois/Air       0%         N/A       43%         2
 Gell's Gravitas          Tloc           0%         N/A       67%         3
 Teleport Other           Tloc           0%         N/A       67%         3
 Olgreb's Toxic Radiance  Pois           0%         N/A       97%         4
 Dispersal                Tloc           0%         N/A       100%        6


Dungeon Overview and Level Annotations

Branches:
Dungeon (4/15)
 Temple: D:4-7

Altars:

Shops:
D:3 !


Innate Abilities, Weirdness & Mutations

You are small and have problems with some larger weapons.
You are completely attuned to the shadows.


Message History

A jelly is nearby!
A jelly is nearby!
The jelly quivers.
You hit the jelly.
Your hands burn!
The jelly is lightly wounded.
The jelly hits you but does no damage.
You hit the jelly.
Your hands burn!
The jelly is lightly wounded.
The jelly hits you but does no damage.
You hit the jelly.
Your hands burn!
The jelly is moderately wounded.
You hit the jelly.
Your hands burn!
The jelly is moderately wounded.
The jelly misses you.
You hit the jelly.
Your hands burn!
The jelly is moderately wounded.
The jelly hits you but does no damage.
You hit the jelly.
Your hands burn!
The jelly is heavily wounded.
The jelly misses you.
You are too injured to fight recklessly!
You are too injured to fight recklessly!
You are too injured to fight recklessly!
You are too injured to fight recklessly!
You are too injured to fight recklessly!
You are too injured to fight recklessly!
You are too injured to fight recklessly!
You are too injured to fight recklessly!
You hit the jelly.
Your hands burn!
The jelly is heavily wounded.
You hit the jelly.
Your hands burn!
The jelly is severely wounded.
The jelly hits you.
You are splashed with acid!
* * * LOW HITPOINT WARNING * * *
You hit the jelly. The acid corrodes you!
Your hands burn!
* * * LOW HITPOINT WARNING * * *
The jelly is severely wounded.
The jelly misses you.
You hit the jelly.
Your hands burn!
You die...

....#....#.#..#######.#######....
...##..).#)####........... #....
... #....#.####........... #....
...........#.............#....
...........#......♣......#....
........#....##.##....#..##
###.....#....#...#....#..#
#.........♣.[♣..♣..†)..#
#.....#.@J.#...#....#..#
##.####....##.##....#..# #.#
#......♣......#### #.#
#.............# #.............#
...........# ###+####### ## #.


You could see a jelly.

Vanquished Creatures
  A scorpion (D:3)
  A jelly (D:4)
  2 iguanas (D:4)
  2 orc wizards (D:4)
  4 adders
  2 ufetubi (D:4)
  2 worms
  5 dart slugs
  15 orcs
  7 ball pythons
  3 bats
  9 endoplasms
  3 giant cockroaches
  6 goblins
  7 hobgoblins
  6 jackals
  3 quokkas
  4 frilled lizards
  6 kobolds
  7 rats
95 creatures vanquished.

Notes
Turn   | Place    | Note
-------+----------+-------------------------------------------
     0 | D:1      | cforsyth the Kobold Brigand began the quest for the Orb.
     0 | D:1      | Reached XP level 1. HP: 12/12 MP: 1/1
    12 | D:1      | You fall into a shaft and drop 1 floor!
    58 | D:1      | Reached XP level 2. HP: 18/18 MP: 2/2
   212 | D:1      | Reached XP level 3. HP: 18/22 MP: 3/3
   668 | D:2      | Reached XP level 4. HP: 27/27 MP: 4/4
   846 | D:2      | Reached skill level 6 in Stealth
  1431 | D:3      | Found Henodaiw's Distillery.
  1454 | D:3      | Noticed a scorpion
  1457 | D:3      | Killed a scorpion
  1458 | D:3      | Reached XP level 5. HP: 32/32 MP: 5/5
  1514 | D:3      | Identified the +6 quarterstaff of Niupol Fuik {holy, rF++
                  | Will+}
  2406 | D:4      | Reached XP level 6. HP: 37/37 MP: 6/6
  2691 | D:4      | Reached skill level 7 in Stealth
  2839 | D:4      | Reached skill level 5 in Short Blades
  2949 | D:4      | Reached XP level 7. HP: 43/43 MP: 7/7
  2983 | D:4      | HP: 1/43 [acid (2)]
  2984 | D:4      | Splashed by a jelly's acid

Illustrated notes

Levels and vault maps discovered:
D:1:      scummos_arrival_hexagon, layout_rooms, dk_noncrumbling_2
D:2:      layout_basic, minmay_octomino_j4
D:3:      layout_basic, serial_shops, shop
D:4:      layout_basic, portal_sewer_entry_c, kennysheep_generic_room_2

Skill      XL: |  1  2  3  4  5  6 |
---------------+-------------------+-----
Short Blades   | 3 4 5 |  5.1
Dodging        | 2 3 4 |  4.0
Stealth        | 6 7 |  7.1
Fighting       | 3 4 |  4.1
Throwing       | |  2.1

Action                     |  1- 3 |  4- 6 |  7- 9 || total
---------------------------+-------+-------+-------++-------
  Melee: Dagger            |    64 |   156 |    19 ||   239
         Punch             |     1 |     1 |       ||     2
    Use: Scroll            |       |     9 |       ||     9
   Stab: Sleeping          |    17 |    29 |       ||    46
         Distracted        |     1 |     1 |       ||     2
 Armour: Robe              |     6 |    16 |     6 ||    28
  Dodge: Dodged            |    28 |    81 |    10 ||   119

Table legend: (Time is in decaauts)
 A = Elapsed time spent in this place.
 B = Non-inter-level travel time spent in this place.
 C = Inter-level travel time spent in this place.
 D = Time resting spent in this place.
 E = Time spent auto-exploring this place.
 F = Levels seen in this place.
 G = Mean time per level.
                   A        B        C        D        E       F      G
               +--------+--------+--------+--------+--------+-----+--------+
         Total |   2934 |   2881 |     53 |     36 |   2292 |   4 |  733.5 |
       Dungeon |   2934 |   2881 |     53 |     36 |   2292 |   4 |  733.5 |
               +--------+--------+--------+--------+--------+-----+--------+

Top non-repeatable levels by time:
     D:2: 836 daAuts
     D:4: 823 daAuts
     D:3: 707 daAuts
     D:1: 567 daAuts
